Map: Ruins of Seras

Players

aziddy - Winner!

  • Race: Zerg Zerg
  • League: Diamond

xXSnipeRXx

  • Race: Protoss Protoss
  • League: Diamond

VOD

Have the link to the VOD?

Description

Time

  • Played on: Dec. 9, 2015, 3:13 p.m.
  • Length: 12:26
Show
View Real Time Build Order
Export as new Build Order

aziddy Zerg - Winner!

Build Orders: 3 Hatch before Pool 

Get SALT Encoding   

  12  0:01  Drone  
  13  0:13  Overlord  
  13  0:18  Drone  
  14  0:31  Drone  
  14  0:32  Drone  
  16  0:35  Drone  
  17  0:57  Hatchery  
  17  0:59  Drone  
  17  1:06  Drone  
  18  1:25  Hatchery  
  18  1:29  Drone  
  18  1:34  Extractor  
  18  1:37  Drone  
  18  1:43  Drone  
  19  1:53  Spawning Pool  
  18  1:55  Drone  
  19  2:05  Drone x2  
  21  2:09  Overlord  
  21  2:40  Metabolic Boost  
  21  2:41  Zergling x8  
  21  2:42  Zergling x6  
  28  2:46  Queen  
  30  2:53  Queen  
  30  2:57  Drone  
  33  2:59  Drone  
  33  3:04  Drone x2  
  36  3:06  Drone  
  36  3:11  Drone x2  
  39  3:15  Spore Crawler  
  37  3:38  Drone x5  
  42  3:45  Overlord  
  41  3:56  Overlord  
  40  4:07  Overlord  
  40  4:08  Drone x10  
  40  4:09  Drone  
  50  4:13  Overlord  
  50  4:16  Spore Crawler  
  50  4:17  Spore Crawler  
  48  4:23  Drone x3  
  48  4:24  Drone  
  52  4:28  Drone  
  53  4:31  Extractor  
  53  4:32  Extractor  
  53  4:34  Queen  
  53  4:35  Drone x3  
  53  4:37  Drone  
  55  4:48  Drone x7  
  62  5:00  Overlord  
  62  5:01  Drone x2  
  62  5:05  Lair  
  62  5:06  Extractor x2  
  62  5:08  Drone x2  
  62  5:12  Evolution Chamber  
  62  5:13  Drone  
  64  5:16  Evolution Chamber, Roach Warren  
  64  5:17  Queen  
  64  5:25  Drone x3  
  64  5:27  Drone x4  
  64  5:28  Drone  
  72  5:29  Drone  
  72  5:34  Overlord  
  73  5:39  Zerg Missile Weapons Level 1, Overlord  
  73  5:42  Zerg Ground Armor Level 1  
  73  5:52  Overlord x4  
  73  5:56  Drone x2, Extractor  
  73  5:57  Drone  
  75  5:58  Drone  
  75  5:59  Drone  
  75  6:02  Glial Reconstitution  
  79  6:04  Roach  
  79  6:09  Roach x3  
  79  6:10  Overseer  
  85  6:16  Roach x3  
  91  6:27  Roach x7  
  105  6:36  Roach x5  
  115  6:41  Overlord  
  115  6:42  Overlord  
  115  6:44  Overlord  
  115  6:45  Overlord  
  115  6:50  Roach  
  115  6:53  Roach  
  119  6:58  Roach  
  121  7:06  Roach x10  
  141  7:12  Ravager x6  
  141  7:13  Ravager  
  148  7:19  Spine Crawler  
  148  7:20  Spine Crawler, Roach x2  
  148  7:22  Spine Crawler  
  149  7:31  Overlord  
  149  7:32  Roach  
  149  7:33  Roach x4  
  159  7:44  Zerg Missile Weapons Level 2  
  159  7:52  Ravager  
  159  7:53  Ravager x3  
  159  7:57  Overlord x3  
  151  8:14  Roach  
  151  8:15  Roach x11  
  160  8:21  Ravager x2  
  162  8:29  Roach  
  162  8:30  Roach x6  
  164  8:53  Roach  
  164  8:54  Roach x9  
  158  9:04  Zergling x4  
  160  9:11  Zerg Ground Armor Level 2  
  160  9:17  Overseer  
  160  9:19  Overseer  
  158  9:30  Overlord x2  
  158  9:31  Ravager  
  158  9:32  Ravager x4  
  158  9:33  Roach x3  
  158  9:35  Hatchery  
  168  9:39  Roach x3  
  168  9:40  Roach  
  176  9:52  Roach x8  
  192  10:14  Zergling x14  
  197  10:30  Extractor  
  197  10:34  Extractor  
  197  10:35  Roach x4  
  199  10:48  Overlord  
  199  10:51  Spire  
  199  10:52  Drone  
  172  11:19  Roach x14  
  178  11:31  Roach  
  178  11:32  Roach x4  
  182  11:40  Overseer x2  
  182  11:46  Drone  
  184  11:47  Drone x5  
  184  11:49  Spore Crawler, Overseer  
  184  11:51  Spine Crawler  
  186  11:59  Zergling x8  
  190  12:06  Roach x4  
Show
View Real Time Build Order
Export as new Build Order

xXSnipeRXx Protoss 

Build Orders:  

Get SALT Encoding   

  12  0:01  Probe (Chrono Boost)  
  13  0:12  Probe (Chrono Boost)  
  14  0:19  Pylon  
  14  0:23  Probe (Chrono Boost)  
  15  0:37  Probe (Chrono Boost)  
  16  0:45  Gateway  
  16  0:48  Probe (Chrono Boost)  
  17  0:52  Assimilator  
  17  0:58  Probe (Chrono Boost)  
  18  1:07  Gateway  
  18  1:14  Probe (Chrono Boost)  
  19  1:24  Probe (Chrono Boost)  
  20  1:29  Pylon  
  20  1:40  Cybernetics Core  
  20  1:43  Probe (Chrono Boost)  
  21  2:04  Nexus  
  21  2:17  Adept x2  
  21  2:22  Assimilator  
  25  2:28  Mothership Core (Chrono Boost)  
  27  2:34  Pylon  
  27  2:45  Warp Gate  
  27  2:46  Probe (Chrono Boost)  
  28  2:54  Pylon  
  28  3:02  Probe (Chrono Boost)  
  28  3:05  Sentry  
  31  3:06  Zealot  
  31  3:12  Probe (Chrono Boost)  
  34  3:21  Probe (Chrono Boost)  
  34  3:23  Probe (Chrono Boost)  
  36  3:36  Probe (Chrono Boost)  
  36  3:37  Probe (Chrono Boost)  
  38  3:50  Probe x2 (Chrono Boost)  
  40  4:00  Probe (Chrono Boost)  
  41  4:07  Pylon  
  41  4:09  Pylon  
  37  4:10  Pylon  
  37  4:12  Robotics Facility  
  37  4:14  Pylon  
  37  4:18  Probe x2 (Chrono Boost)  
  39  4:24  Gateway  
  39  4:28  Probe x2 (Chrono Boost)  
  41  4:39  Probe x2 (Chrono Boost)  
  43  4:47  Gateway  
  43  4:49  Probe x2 (Chrono Boost)  
  43  4:50  Adept x2  
  49  4:57  Twilight Council  
  49  5:00  Probe (Chrono Boost), Observer (Chrono Boost)  
  49  5:02  Probe  
  52  5:08  Pylon  
  52  5:11  Probe  
  52  5:12  Adept x2  
  57  5:18  Gateway  
  57  5:19  Observer (Chrono Boost)  
  58  5:24  Gateway  
  58  5:27  Gateway  
  58  5:33  Immortal (Chrono Boost)  
  58  5:34  Resonating Glaives (Chrono Boost)  
  58  5:41  Probe x2  
  64  5:52  Gateway  
  64  5:57  Adept x2  
  64  6:02  Adept  
  70  6:07  Immortal  
  70  6:17  Adept, Assimilator  
  70  6:18  Adept  
  78  6:19  Assimilator  
  78  6:24  Stalker x2  
  82  6:30  Stalker  
  82  6:31  Stalker  
  86  6:41  Warp Prism  
  88  6:50  Adept x4  
  88  6:51  Adept  
  98  6:56  Adept, Pylon  
  98  6:57  Pylon  
  100  7:03  Pylon  
  100  7:04  Pylon  
  100  7:09  Adept  
  100  7:37  Stalker x3  
  100  7:38  Stalker x4  
  111  8:05  Stalker x6  
  113  8:06  Stalker  
  96  8:30  Stalker x5  
  102  8:34  Stalker  
  102  8:43  Blink (Chrono Boost)  
  78  8:59  Immortal  
  60  9:07  Stalker x4  
  72  9:16  Stalker x2  
  74  9:28  Stalker  
  76  9:33  Pylon  
  76  9:34  Pylon  
  76  9:36  Immortal  
  80  9:49  Stalker  
  80  9:50  Stalker  
  80  9:52  Stalker  
  84  10:12  Stalker x2  
  84  10:13  Stalker x2  
  90  10:16  Stalker  
  88  10:25  Immortal  
  88  10:49  Stalker x4  
  96  10:50  Stalker  
  98  11:08  Stalker  
  98  11:09  Stalker  
  94  11:21  Stalker  
  94  11:22  Stalker x3  
  76  11:40  Stalker x2  
  76  11:41  Immortal  
Tags
 
Add a new tag
Caveats
  • Supply blocks, unpowered buildings, or Contaminate may cause inaccurate times.
  • Supply counts are checked every 10 seconds.